 Dungeon Sprint DCSS version 0.27-a0-1334-g2746e35aca (webtiles) character file.

Game seed: 15557312285894186417

11611 mhtbhm the Warrior (level 11, -6/121 HPs)
             Began as a Minotaur Berserker on June 26, 2021.
             Was the Champion of Trog.
             Mangled by an orc knight (33 damage)
             ... in the Dungeon (Sprint IX: "|||||||||||||||||||||||||||||").
             The game lasted 00:02:32 (1825 turns).

mhtbhm the Warrior (Minotaur Berserker)             Turns: 1825, Time: 00:02:33

Health: -6/121     AC: 19    Str: 26    XL:     11   Next: 51%
Magic:  10/10      EV: 10    Int:  4    God:    Trog [******]
Gold:   1278       SH:  0    Dex:  9    Spells: 10/10 levels left

rFire    . . .     SeeInvis +   a - +14 obsidian axe {vorpal, Drain Fly SInv}
rCold    . . .     Faith    .   (no shield)
rNeg     . . .     Spirit   .   b - +0 plate armour
rPois    .         Reflect  .   (helmet restricted)
rElec    .         Harm     .   l - +0 cloak
rCorr    .         Rampage  .   v - +0 pair of gloves
Will     .....     NoTele   +   k - +0 pair of boots
Stlth    ..........             (no amulet)
HPRegen  0.30/turn              (no ring)
MPRegen  0.12/turn              (no ring)

@: on berserk cooldown, flying, mesmerised, slowed, very slow
A: horns 2, retaliatory headbutt
a: Renounce Religion, Berserk, Trog's Hand, Brothers in Arms


You were in the Dungeon.
You worshipped Trog.
Trog was exalted by your worship.
You visited 1 branch You collected 1278 gold pieces.

Inventory:

Hand Weapons
 a - the +14 obsidian axe (weapon) {vorpal, Drain Fly SInv}
   (You found it in the Dungeon)

   It inflicts extra damage upon your enemies.
   It lets you see invisible.
   It grants you flight.
   It drains your maximum health when unequipped.
 x - a +7 antimagic executioner's axe
Missiles
 w - 4 javelins
Armour
 b - a +0 plate armour (worn)
 k - a +0 pair of boots (worn)
 l - a +0 cloak (worn)
 v - a +0 pair of gloves (worn)
Jewellery
 m - a +3 ring of dexterity
 n - a +2 ring of evasion
Wands
 j - a wand of iceblast (10)
 p - a wand of paralysis (6)
Scrolls
 h - 3 scrolls of blinking
 r - 2 scrolls of identify
 s - a scroll of fear
 t - a scroll of fog
 u - a scroll of enchant armour
Potions
 c - 6 potions of curing
 d - 3 potions of heal wounds
 e - 3 potions of haste
 f - 4 potions of magic
 g - a potion of berserk rage
 i - a potion of invisibility
 o - 2 potions of might
 q - a potion of mutation


   Skills:
 + Level 18.7 Fighting
 + Level 17.9(19.7) Axes
 + Level 14.8(18.2) Maces & Flails
 + Level 11.3 Armour
 + Level 9.3 Dodging
 + Level 1.6 Stealth


You had 10 spell levels left.
You didn't know any spells.
Your spell library was empty.

Dungeon Overview and Level Annotations

Branches:
Dungeon (1/1)

Altars:
Cheibriados
Dithmenos
Elyvilon
Fedhas
Gozag
Hepliaklqana
Kikubaaqudgha
Makhleb
Nemelex Xobeh
Okawaru
Qazlal
Ru
Sif Muna
Trog
Uskayaw
Vehumet
Wu Jian
Xom
Yredelemnul
Zin
The Shining One
Beogh
Jiyva
Lugonu

Shops:
D [:(


Innate Abilities, Weirdness & Mutations

You have a pair of horns on your head.
You reflexively headbutt those who attack you in melee.


Message History

The orc knight hits you but does no damage.
You closely miss the orc knight.
The orc knight is heavily wounded.
The orc knight no longer looks unusually strong.
The orc knight hits you with a +0 long sword!!
Unknown command.
You slash the orc knight!
The orc knight is almost dead.
The orc high priest no longer looks unusually strong.
The orc knight hits you with a +0 long sword!
The orc high priest utters an invocation to Beogh.
The orc knight roars a battlecry!
The orcs go into a battle-frenzy!
You completely miss the orc knight. You headbutt the orc knight.
The orc knight is almost dead.
The orc knight hits you with a +0 long sword!
You slash the orc knight!
You break out of your daze!
You kill the orc knight!
Trog accepts your kill.
Visions of slaying the orc knight flood into your mind.
The orc knight unwields a +0 great mace.
The orc knight wields a +0 arbalest.
The orc knight shoots a bolt.
The bolt hits you but does no damage.
An orc high priest comes into view. It is wielding a +0 hand axe.
The orc high priest shouts!
You hear a shout!
The orc knight unwields a +0 arbalest.
The orc knight wields a +0 great mace.
The orc knight misses you.
The orc high priest mumbles some strange prayers to Beogh.
Items here: $ )) [ †.
Unknown command.
Unknown command.
You closely miss the orc knight.
The orc high priest utters an invocation to Beogh.
The orc knight hits you with a +0 great mace!
* * * LOW HITPOINT WARNING * * *
Your plate armour prevents you from hitting the orc knight.
You headbutt the orc knight, but do no damage.
The orc knight hits you with a +0 great mace!!
You die...

▓▓▓▓▓▓▓▓▓▓▓▓▓▓▓▓▓▓▓▓▓▓▓▓
))))))......))43@oo4o4o3
▓▓▓▓▓▓▓▓▓▓▓▓▓▓▓▓▓▓▓▓▓▓▓▓▓▓▓▓▓▓▓▓▓
...........................).....
▓▓▓▓▓▓▓▓▓▓▓▓▓▓▓▓▓▓▓▓▓▓▓▓▓▓▓▓▓▓▓▓▓
...†)†.†.....).......†.(..'...[[[
▓▓▓▓▓▓▓▓▓▓▓▓▓▓▓▓▓▓▓▓▓▓▓▓▓▓▓▓▓▓▓▓▓
.................................
▓▓▓▓▓▓▓▓▓▓▓▓▓▓▓▓▓▓▓▓▓▓▓▓▓▓▓▓▓▓▓▓▓
_____________'.?)...[..)÷.....'))


You could see 2 orc knights, 2 orc high priests, a hellwing (summoned), an ice
devil (summoned), a sixfirhy (summoned), a friendly sun demon (summoned) and a
friendly chaos spawn (summoned).

Vanquished Creatures
  2 centaur warriors (D)
  Urug (D)
  2 orc high priests (D)
  A lindwurm (D)
  6 orc knights (D)
  A black mamba (shapeshifter) (D)
  An elephant (D)
  3 komodo dragons (D)
  An efreet (D)
  A rime drake (D)
  A tyrant leech (D)
  A slime creature (D)
  A hornet (D)
  A wraith (D)
  A wyvern (D)
  2 basilisks (D)
  3 yaks (D)
  5 water moccasins (D)
  11 orc warriors (D)
  A wolf (D)
  2 bullfrogs (D)
  A howler monkey (D)
  A jelly (D)
  4 orc priests (D)
  3 orc wizards (D)
  An adder (D)
  An adder zombie (D)
  6 worms (D)
  7 orcs (D)
  3 ball pythons (D)
  A giant cockroach (D)
  A bat (D)
  A quokka skeleton (D)
78 creatures vanquished.

Vanquished Creatures (collateral kills)
  2 orc warriors (D)
  An adder zombie (D)
3 creatures vanquished.

Grand Total: 81 creatures vanquished

Notes
Turn   | Place    | Note
-------+----------+-------------------------------------------
     0 | D        | mhtbhm the Minotaur Berserker began the quest for the Orb.
     0 | D        | Reached XP level 1. HP: 19/19 MP: 0/0
     9 | D        | Banished a spatial maelstrom
    10 | D        | Reached skill level 4 in Fighting
    10 | D        | Reached ** piety under Trog
    82 | D        | Noticed a jelly
    85 | D        | Killed a jelly
    86 | D        | Reached skill level 5 in Fighting
    86 | D        | Reached skill level 5 in Maces & Flails
    86 | D        | Reached XP level 2. HP: 30/30 MP: 1/1
    86 | D        | Reached XP level 3. HP: 37/37 MP: 2/2
    86 | D        | Reached *** piety under Trog
    87 | D        | Reached skill level 6 in Fighting
   120 | D        | Found a snail-covered altar of Cheibriados.
   120 | D        | Found a shadowy altar of Dithmenos.
   120 | D        | Found a white marble altar of Elyvilon.
   120 | D        | Found a blossoming altar of Fedhas.
   120 | D        | Found an opulent altar of Gozag.
   121 | D        | Found a hazy altar of Hepliaklqana.
   122 | D        | Found a viscous altar of Jiyva.
   123 | D        | Found an ancient bone altar of Kikubaaqudgha.
   124 | D        | Found a corrupted altar of Lugonu.
   125 | D        | Found a burning altar of Makhleb.
   126 | D        | Found a sparkling altar of Nemelex Xobeh.
   127 | D        | Found an iron altar of Okawaru.
   128 | D        | Found a stormy altar of Qazlal.
   129 | D        | Found a sacrificial altar of Ru.
   130 | D        | Found a shimmering blue altar of Sif Muna.
   131 | D        | Found a bloodstained altar of Trog.
   132 | D        | Found a hide-covered altar of Uskayaw.
   133 | D        | Found a radiant altar of Vehumet.
   134 | D        | Found an ornate altar of the Wu Jian Council.
   135 | D        | Found a shimmering altar of Xom.
   136 | D        | Found a basalt altar of Yredelemnul.
   137 | D        | Found a glowing silver altar of Zin.
   138 | D        | Found a glowing golden altar of the Shining One.
   153 | D        | Found the +14 obsidian axe {vorpal, Drain Fly SInv}
   299 | D        | Noticed an orc warrior
   299 | D        | Noticed a hornet
   299 | D        | Noticed a wraith
   302 | D        | Killed an orc warrior
   302 | D        | Reached **** piety under Trog
   303 | D        | Reached skill level 8 in Fighting
   303 | D        | Reached XP level 4. HP: 48/48 MP: 3/3
   303 | D        | Reached XP level 5. HP: 53/53 MP: 4/4
   305 | D        | Reached skill level 5 in Dodging
   307 | D        | Paralysed by a hornet for 2 turns
   310 | D        | Killed a hornet
   311 | D        | Reached skill level 10 in Fighting
   311 | D        | Reached skill level 10 in Maces & Flails
   311 | D        | Reached skill level 5 in Armour
   311 | D        | Reached XP level 6. HP: 67/67 MP: 5/5
   312 | D        | Killed a wraith
   313 | D        | Reached skill level 11 in Fighting
   316 | D        | Reached ***** piety under Trog
   317 | D        | Reached XP level 7. HP: 71/74 MP: 6/6
   438 | D        | Noticed a komodo dragon
   438 | D        | Noticed a centaur warrior
   438 | D        | Noticed a raiju
   438 | D        | Noticed a centaur warrior
   438 | D        | Noticed a slime creature
   438 | D        | Noticed an efreet
   439 | D        | Noticed a black mamba
   439 | D        | a raiju changed into a black mamba
   441 | D        | Killed a komodo dragon
   442 | D        | Reached skill level 12 in Fighting
   442 | D        | Reached skill level 5 in Axes
   445 | D        | Killed a centaur warrior
   446 | D        | Reached skill level 13 in Fighting
   446 | D        | Reached XP level 8. HP: 88/88 MP: 7/7
   447 | D        | Killed a black mamba
   448 | D        | Reached skill level 14 in Fighting
   451 | D        | Killed a centaur warrior
   452 | D        | Reached skill level 15 in Fighting
   452 | D        | Reached XP level 9. HP: 83/97 MP: 8/8
   456 | D        | Killed an efreet
   456 | D        | Received a gift from Trog
   457 | D        | Reached skill level 10 in Axes
   819 | D        | Noticed a komodo dragon
   819 | D        | Noticed a komodo dragon
   824 | D        | Killed a komodo dragon
   826 | D        | Reached skill level 16 in Fighting
   835 | D        | Killed a komodo dragon
   836 | D        | Reached XP level 10. HP: 108/108 MP: 9/9
   837 | D        | Received a gift from Trog
   837 | D        | Reached ****** piety under Trog
   875 | D        | Noticed an elephant
   885 | D        | Killed an elephant
   892 | D        | Identified the +7 spear of Upheaval {vorpal, Will- rCorr
                  | Str+2 Dex+2} (Trog gifted it to you in the Dungeon)
   892 | D        | Received a gift from Trog
   893 | D        | Reached skill level 17 in Fighting
  1027 | D        | Noticed a lindwurm
  1037 | D        | Received a gift from Trog
  1041 | D        | Killed a lindwurm
  1204 | D        | Noticed Urug
  1211 | D        | Killed Urug
  1212 | D        | Reached skill level 15 in Axes
  1336 | D        | Received a gift from Trog
  1355 | D        | Received a gift from Trog
  1537 | D        | Noticed an orc knight
  1552 | D        | Killed an orc knight
  1552 | D        | Received a gift from Trog
  1553 | D        | Reached XP level 11. HP: 49/118 MP: 10/10
  1568 | D        | Received a gift from Trog
  1792 | D        | Found Riocyow's Antique Armour Emporium.
  1792 | D        | Noticed an orc knight
  1792 | D        | Noticed an orc high priest
  1792 | D        | Noticed an orc knight
  1792 | D        | Noticed an orc knight
  1792 | D        | Noticed an orc knight
  1793 | D        | Noticed an orc high priest
  1797 | D        | Killed an orc knight
  1798 | D        | Reached skill level 18 in Fighting
  1800 | D        | Killed an orc high priest
  1801 | D        | Reached skill level 10 in Armour
  1801 | D        | Noticed an orc knight
  1805 | D        | Killed an orc knight
  1806 | D        | Reached skill level 1 in Stealth
  1806 | D        | Found Fokliruo's Book Shoppe.
  1808 | D        | Killed an orc knight
  1808 | D        | Received a gift from Trog
  1809 | D        | Noticed an orc knight
  1811 | D        | Killed an orc knight
  1812 | D        | Found Tamomumi's Antique Weapon Emporium.
  1812 | D        | Noticed an orc high priest
  1815 | D        | Killed an orc high priest
  1817 | D        | Noticed an orc knight
  1822 | D        | Killed an orc knight
  1823 | D        | Noticed an orc high priest
  1825 | D        | Noticed a sixfirhy
  1825 | D        | Mangled by an orc knight

Illustrated notes

Levels and vault maps discovered:
D:        linesprint [early_d, line_temple, items_1, d_10, items_2, lair_1,
          lair_end, items_3, orc_1, orc_end, items_4, d_15, swamp_1, shoals_1,
          snake_1, spider_1, d_20, vaults_1, items_5, swamp_end, shoals_end,
          snake_end, spider_end, vaults_end, d_27, items_6, zot_1, zot_end,
          crypt_end, forest_end, elf_end, slime_end, tomb_end, abyss_end,
          pan_hell_end]

Skill      XL: |  1  2  3  4  5  6  7  8  9 10 11 |
---------------+----------------------------------+-----
Fighting       | 5 8 10 11 13 15 16 17 18 | 18.7
Maces & Flails | 5 8 10 11 13 14 | 14.8
Armour         | 3 4 5 6 9 11 | 11.3
Dodging        | 3 4 6 7 8 9 |  9.3
Axes           | 2 3 7 9 11 16 17 | 17.9
Stealth        | 1 |  1.6

Action                   |  1- 3 |  4- 6 |  7- 9 | 10-12 || total
-------------------------+-------+-------+-------+-------++-------
Melee: Mace              |    17 |       |       |       ||    17
       Headbutt          |     2 |       |     9 |    18 ||    29
       Broad axe         |     2 |     9 |    27 |   109 ||   147
Invok: Berserk           |     2 |       |     2 |     4 ||     8
  Use: Potion            |       |       |       |     2 ||     2
 Stab: Distracted        |       |       |       |     1 ||     1
Armor: Animal skin       |     3 |       |       |       ||     3
       Plate armour      |     1 |     3 |     9 |    25 ||    38
Dodge: Dodged            |    11 |     2 |     6 |    22 ||    41

Table legend: (Time is in decaauts)
 A = Elapsed time spent in this place.
 B = Non-inter-level travel time spent in this place.
 C = Inter-level travel time spent in this place.
 D = Time resting spent in this place.
 E = Time spent auto-exploring this place.
 F = Levels seen in this place.
 G = Mean time per level.
                   A        B        C        D        E       F      G
               +--------+--------+--------+--------+--------+-----+--------+
         Total |   1845 |   1845 |      0 |   1053 |    289 |   1 | 1845.0 |
       Dungeon |   1845 |   1845 |      0 |   1053 |    289 |   1 | 1845.0 |
               +--------+--------+--------+--------+--------+-----+--------+

Top non-repeatable levels by time:
       D: 1845 daAuts
